 Dungeon Crawl Stone Soup version 0.28.0-45-g0d030f2227 (webtiles) character file.

Game seed: 13007763294379039011

2436 issech the Basher (level 9, -3/79 HPs)
             Began as a Troll Monk on Apr 18, 2022.
             Was a Believer of Hepliaklqana.
             Slain by a boulder beetle (6 damage)
             ... on level 7 of the Dungeon.
             The game lasted 00:26:28 (6456 turns).

issech the Basher (Troll Monk)                      Turns: 6456, Time: 00:26:29

Health: -3/79      AC:  4    Str: 27    XL:     9   Next: 24%
Magic:  8/8        EV: 13    Int:  6    God:    Hepliaklqana [**....]
Gold:   445        SH:  0    Dex: 22    Spells: 8/8 levels left

rFire   . . .      SeeInvis .   u - +5 mace
rCold   . . .      Faith    .   (no shield)
rNeg    . . .      Spirit   .   k - +0 animal skin
rPois   .          Reflect  .   (helmet restricted)
rElec   .          Harm     .   (no cloak)
rCorr   .          Rampage  .   (gloves unavailable)
Will    .....                   (boots unavailable)
Stlth   ++........              q - amulet of regeneration
HPRegen 1.83/turn               v - +6 ring of strength
MPRegen 0.11/turn               C - +6 ring of dexterity

@: no status effects
A: reduced essence, large, unfitting armour, claws 3, regeneration 1, shaggy fur
1, tough skin 1
a: Renounce Religion, Recall Ancestor, Ancestor Identity


You were on level 7 of the Dungeon.
You worshipped Hepliaklqana.
Hepliaklqana was pleased with you.
You visited 2 branches of the dungeon, and saw 8 of its levels.

You collected 445 gold pieces.

Inventory:

Hand Weapons
 j - a +2 mace of venom
 n - a +1 vampiric dagger
 u - a +5 mace (weapon)
 x - a +0 whip of venom
 y - the +8 whip of the Realm of Zot {flame, +Blink rC+ Will+ Str-4}
   (You found it on level 5 of the Dungeon)

   It burns those it strikes, dealing additional fire damage.
   Str:       It affects your strength (-4).
   rC:        It protects you from cold.
   +Blink:    It lets you blink.
   Will:      It increases your willpower.
Missiles
 b - 12 poisoned darts
 g - 75 bolts
 m - 225 stones (quivered)
 s - 23 sling bullets
 A - 57 arrows
Armour
 k - a +0 animal skin (worn)
Jewellery
 q - an amulet of regeneration (around neck)
 v - a +6 ring of strength (left claw)
 C - a +6 ring of dexterity (right claw)
Wands
 B - a wand of flame (9)
 J - a wand of paralysis (3)
 N - a wand of polymorph (8)
Scrolls
 a - a scroll of enchant armour {unknown}
 d - 3 scrolls of teleportation {unknown}
 e - 4 scrolls of identify {unknown}
 l - a scroll of fog {unknown}
 o - a scroll of silence {unknown}
 p - a scroll of vulnerability {unknown}
 t - 2 scrolls of noise {unknown}
 z - a scroll of fear {unknown}
 E - a scroll of blinking {unknown}
 F - 2 scrolls of magic mapping {unknown}
 I - a scroll of holy word {unknown}
Potions
 c - 3 potions of invisibility {unknown}
 f - a potion of berserk rage {unknown}
 h - 2 potions of brilliance {unknown}
 i - a potion of lignification {unknown}
 r - a potion of degeneration {unknown}
 w - 2 potions of might {unknown}
 D - 2 potions of attraction {unknown}
 G - a potion of mutation {unknown}
 H - a potion of haste {unknown}
 K - a potion of curing {unknown}
 L - 3 potions of flight {unknown}
 M - a potion of resistance {unknown}


   Skills:
 + Level 5.1 Fighting
 + Level 8.4 Maces & Flails
 + Level 0.5 Throwing
 + Level 5.5 Dodging
 + Level 2.2 Stealth
 + Level 0.9 Evocations


You had 8 spell levels left.
You didn't know any spells.
Your spell library contained the following spells:

 Spells                   Type           Power      Damage    Failure   Level
 Magic Dart               Conj           0%         1d3       45%         1
 Blink                    Tloc           0%         N/A       58%         2
 Call Imp                 Summ           0%         N/A       58%         2
 Lesser Beckoning         Tloc           0%         N/A       83%         3
 Mephitic Cloud           Conj/Pois/Air  0%         N/A       83%         3
 Olgreb's Toxic Radiance  Pois           0%         N/A       99%         4
 Petrify                  Tmut/Erth      0%         N/A       99%         4
 Alistair's Intoxication  Tmut/Pois      0%         N/A       100%        5
 Freezing Cloud           Conj/Ice/Air   0%         6-21      100%        5
 Manifold Assault         Tloc           0%         N/A       100%        5
 Simulacrum               Ice/Necr       0%         N/A       100%        6
 Ozocubu's Refrigeration  Ice            0%         4d5       100%        7
 Storm Form               Tmut/Air       0%         N/A       100%        7
 Ignition                 Fire           0%         3d3       100%        8
 Polar Vortex             Ice            0%         N/A       100%        9


Dungeon Overview and Level Annotations

Branches:
Dungeon (7/15)             Temple (1/1) D:7

Altars:
Ashenzari
Cheibriados
Dithmenos
Elyvilon
Fedhas
Gozag
Hepliaklqana
Kikubaaqudgha
Makhleb
Nemelex Xobeh
Okawaru
Qazlal
Ru
Sif Muna
Trog
Uskayaw
Vehumet
Wu Jian
Xom
Yredelemnul
Zin
The Shining One

Shops:
D:5 *

Annotations:
D:7 2 runed translucent doors, Jingleheimer's ghost, novice DjCj


Innate Abilities, Weirdness & Mutations

Your life essence is reduced to manifest your ancestor. (-10% HP)
You are too large for most types of armour.
You have claws for hands.
Your natural rate of healing is unusually fast.
You are covered in fur. (AC +1)
You have tough skin. (AC +1)


Message History

You hit the boulder beetle but do no damage.
The boulder beetle is almost dead.
The boulder beetle bites you!!
You hit the boulder beetle but do no damage.
The boulder beetle is almost dead.
The boulder beetle leaps!
You swap places.
The boulder beetle bites Zolin!
Zolin hits the boulder beetle with a +0 quarterstaff.
The boulder beetle bites Zolin!!
Zolin is destroyed!
You see here a +0 dagger.
The boulder beetle leaps!
The boulder beetle misses you.
You sock the boulder beetle!
The boulder beetle is almost dead.
The boulder beetle bites you!
You hit the boulder beetle.
The boulder beetle is almost dead.
The boulder beetle bites you!!
* * * LOW HITPOINT WARNING * * *
You hit the boulder beetle but do no damage.
The boulder beetle is almost dead.
The boulder beetle completely misses you.
Unknown command.
You hit the boulder beetle.
The boulder beetle is almost dead.
The boulder beetle closely misses you.
You hit the boulder beetle but do no damage.
The boulder beetle is almost dead.
The boulder beetle closely misses you.
You hit the boulder beetle but do no damage.
The boulder beetle is almost dead.
The boulder beetle bites you!!
* * * LOW HITPOINT WARNING * * *
Unknown command.
You completely miss the boulder beetle.
The boulder beetle is almost dead.
The boulder beetle bites you.
You die...

#.#.#####
#.#.#######.####
### ........#
#.#.# #.#
....###.# #.#.#
#.#
...####.####.#.#
#.#
#.###.....##.#.###
#.#
#.###.....##.#.).#
#.#
#............###.#
#.# #####....>##.#
#.# #.....##.# #@#
#######......##.B#
........##########
..........###.##.#
#########...#≈..##
))....# #...#≈....
#####.# #...+.#..#
#.# #...+$≈.[≈ #)#
##..#≈8.≈#


You could see a boulder beetle.

Vanquished Creatures
  A wyvern (D:6)
  Sigmund (D:3)
  2 orc warriors
  2 ogres (D:6)
  A necrophage (D:6)
  A centaur (D:5)
  A phantom (D:5)
  A kobold brigand (D:4)
  A water moccasin zombie (D:6)
  4 scorpions
  A wyvern skeleton (D:7)
  A wight (D:4)
  A howler monkey (D:7)
  4 electric eels (D:6)
  A bullfrog skeleton (D:5)
  2 hounds
  A jelly (D:7)
  A gnoll shaman (D:4)
  3 orc priests
  A centaur skeleton (D:7)
  Terence (D:3)
  An iguana (D:5)
  5 orc wizards
  A killer bee zombie (D:7)
  A hound zombie (D:4)
  3 hound skeletons
  A howler monkey skeleton (D:6)
  Robin (D:2)
  9 gnolls
  11 adders
  3 white imps
  3 worms (D:2)
  13 dart slugs
  19 orcs
  8 endoplasms
  3 giant cockroaches
  16 goblins
  9 hobgoblins
  7 jackals
  4 kobolds
  3 quokkas
  5 ball pythons
  6 bats
  4 frilled lizards
  10 rats
178 creatures vanquished.

Vanquished Creatures (others)
  A battlemage (D:7)
  A dart slug (D:6)
  4 toadstools (D:3)
6 creatures vanquished.

Grand Total: 184 creatures vanquished

Notes
Turn   | Place    | Note
-------+----------+-------------------------------------------
     0 | D:1      | issech the Troll Monk began the quest for the Orb.
     0 | D:1      | Reached XP level 1. HP: 22/22 MP: 0/0
   348 | D:1      | Reached XP level 2. HP: 22/29 MP: 1/1
   454 | D:1      | Reached skill level 3 in Maces & Flails
   992 | D:1      | Reached XP level 3. HP: 36/36 MP: 2/2
  1129 | D:2      | Identified the +1 ring mail of Benevolence {Str+4}
  1160 | D:2      | Noticed Robin
  1171 | D:2      | Killed Robin
  1266 | D:2      | Reached XP level 4. HP: 44/44 MP: 3/3
  1371 | D:2      | Found a shimmering altar of Xom.
  1788 | D:3      | Found a faded altar of an unknown god.
  1892 | D:3      | Reached skill level 4 in Maces & Flails
  1966 | D:3      | Noticed Sigmund
  1980 | D:3      | Killed Sigmund
  1981 | D:3      | Reached XP level 5. HP: 31/53 MP: 4/4
  1981 | D:3      | Reached XP level 6. HP: 36/61 MP: 5/5
  2005 | D:3      | Noticed Terence
  2013 | D:3      | Killed Terence
  2553 | D:4      | Reached skill level 5 in Maces & Flails
  3063 | D:4      | Reached XP level 7. HP: 67/67 MP: 6/6
  3182 | D:4      | Found a sparkling altar of Nemelex Xobeh.
  3211 | D:5      | Entered Level 5 of the Dungeon
  3214 | D:5      | Identified the +8 whip of the Realm of Zot {flame, +Blink
                  | rC+ Will+ Str-4}
  3257 | D:5      | Reached skill level 6 in Maces & Flails
  3375 | D:5      | Found Beseats's Assorted Antiques.
  3580 | D:5      | Reached XP level 8. HP: 65/78 MP: 7/7
  3588 | D:5      | Got the Grimoire of Shifting Toxins
  4050 | D:6      | Reached skill level 7 in Maces & Flails
  4775 | D:5      | Reached skill level 5 in Dodging
  4893 | D:6      | Reached skill level 8 in Maces & Flails
  4939 | D:6      | Reached XP level 9. HP: 64/87 MP: 8/8
  4942 | D:6      | Reached skill level 5 in Fighting
  5708 | D:7      | Noticed Jingleheimer's ghost (novice DjCj)
  5709 | D:7      | Found a large runed translucent door.
  5709 | D:7      | Found a large runed translucent door.
  5987 | D:7      | Found a staircase to the Ecumenical Temple.
  6002 | Temple   | Entered the Ecumenical Temple
  6346 | Temple   | Became a worshipper of Hepliaklqana the Forgotten
  6346 | Temple   | Reached * piety under Hepliaklqana
  6346 | Temple   | Reached ** piety under Hepliaklqana
  6347 | Temple   | Remembered your ancestor Zolin as a battlemage
  6420 | D:7      | Noticed a boulder beetle
  6455 | D:7      | HP: 1/79 [boulder beetle (21)]
  6456 | D:7      | Slain by a boulder beetle

Illustrated notes

Levels and vault maps discovered:
D:1:      lemuel_arrival_cross, layout_basic
D:2:      layout_basic, basic_altar, uniq_robin
D:3:      layout_loops_ring, chequers_ecumenical_altar_island,
          minmay_gold_behind_fungi, minmay_distorted, uniq_sigmund, uniq_terence
D:4:      layout_rooms, nemelex_diamond_rough_becter, kennysheep_diamond,
          minmay_cupped
D:5:      layout_basic, serial_shops, shop
D:6:      kennysheep_slugbush, layout_basic
D:7:      layout_loops_ring, minmay_temple_entry_hall,
          ebering_ghost_disaster_area
Temple:   mainiacjoe_temple_circle_huts

Skill      XL: |  1  2  3  4  5  6  7  8  9 |
---------------+----------------------------+-----
Maces & Flails | 3 4 5 6 8 |  8.4
Dodging        | 3 4 5 |  5.5
Fighting       | 3 4 5 |  5.1
Stealth        | 2 |  2.2
Throwing       | |  0.5
Evocations     | |  0.9

Action                   |  1- 3 |  4- 6 |  7- 9 || total
-------------------------+-------+-------+-------++-------
Melee: Mace              |    95 |    40 |   308 ||   443
       Punch             |     3 |     3 |     3 ||     9
       Flail             |    23 |   151 |       ||   174
Throw: Stone             |       |     3 |    20 ||    23
Invok: Ancestor Life: Ba |       |       |     1 ||     1
Evoke: Wand              |       |       |     3 ||     3
 Stab: Sleeping          |     3 |     3 |     2 ||     8
Armor: Robe              |    59 |       |       ||    59
       Animal skin       |       |    50 |    63 ||   113
Dodge: Dodged            |    71 |   105 |   172 ||   348
